Arrhythmia, chaotic female vampiric Convict --- ---.| |...| --<.-- |.@-- ----o-| -- |..oo)-- .. |...%$(--.- -->...|...- |....|.|...- |......|..... ----............ ........---- ---.....| -..-..- ... .. ---- .- -- Arrhythmia the Jail-bird Experience level: 6 Strength: 17 Dexterity: 13 Constitution: 20 Intelligence: 10 Wisdom: 9 Charisma: 8 Health: 15(51) Energy: 39(39) AC: 9 Gold: 384 Moves: 1966 Your Inventory: Coins $ - 384 gold pieces Armor b - a cursed +0 striped shirt (being worn) m - an [uncursed] +0 iron skull cap [orcish helm] (being worn) Comestibles j - an [uncursed] Hot Futa Mare Dick Scrolls e - a [blessed] scroll labeled KIRJE [of identify] i - an [uncursed] scroll labeled READ ME [of gold detection] k - an [uncursed] scroll labeled FOOBIE BLETCH [of create monster] o - an [uncursed] scroll labeled FNORD [of destroy armor] p - an [uncursed] scroll labeled KIRJE [of identify] s - an [uncursed] scroll labeled LEP GEX VEN ZEA [of teleportation] Potions f - an [uncursed] silver potion [of sickness] g - an [uncursed] amber potion [of booze] l - a [blessed] ruby potion [of paralysis] r - a [cursed] white potion [of levitation] Rings d - an [uncursed +1] steel ring [of gain dexterity] Tools q - an [uncursed oil] lamp (lit) Iron balls c - an [uncursed] heavy iron ball (chained to you) (weapon in hand) Spells known in the end: Name Level Category Fail Memory Your skills at the end: Fighting Skills Weapon Skills sling [Basic / Skilled] Spellcasting Skills Final Attributes: You were devoutly aligned. Hunger level was 700. Your alignment was 19 / 19. Monster difficulty range was 0 - 5. Level difficulty was 5. You were immune to level-drain. You were immune to sickness. You were punished. You could fly. You could survive without air. You regenerated. Your luck was zero. You survived. Vanquished creatures: 4 Uruk-hai 2 gnome lords a gray ooze a floating eye a dwarf an acid blob 2 coyotes 2 brown molds a green mold 2 red molds 9 gnomes a gecko 5 jackals 3 foxes a kobold 3 goblins 9 grid bugs a lichen 3 newts 52 creatures vanquished. Voluntary challenges: You went without food. You were illiterate. You never hit with a wielded weapon. You put on armor 2 times. You never genocided any monsters. You never polymorphed an object. You never changed form. You used no wishes. You abstained from Elbereth's help. You never encountered a bones level. You never used any Sokoban shortcuts. Dungeon overview: The Dungeons of Doom: levels 1 to 5 Level 1 a fountain a long staircase Level 2 a fountain Level 3 a general store, some fountains Level 4 an armor shop, an altar, a fountain stairs to The Gnomish Mines The Gnomish Mines: levels 5 to 6 Level 5 <- You were here stairs to The Dungeons of Doom History has recorded: On T:1 you entered the Dungeons of Doom to retrieve the Amulet of Yendor! On T:212 you reached level 2 of The Dungeons of Doom. On T:264 you advanced to experience level 2. On T:679 you advanced to experience level 3. On T:959 you reached level 3 of The Dungeons of Doom. On T:1200 you advanced to experience level 4. On T:1503 you reached level 4 of The Dungeons of Doom. On T:1713 you advanced to experience level 5. On T:1717 you reached level 5 of The Dungeons of Doom. On T:1748 you reached level 1 of The Gnomish Mines. On T:1754 you reached level 2 of The Gnomish Mines. On T:1882 you advanced to experience level 6. Latest messages: You see here a rotten gnome lord corpse. The Uruk-hai picks up 2 Hot Futa Mare Dicks. The Uruk-hai zaps a wand of magic missile! The magic missile hits you! The magic missile bounces! [HP-4=18] There are several objects here. [HP+1=19] [HP+1=20] [HP+1=21] The Uruk-hai picks up a hooded cloak. The Uruk-hai picks up a violet gem. [HP+1=22] You miss the Uruk-hai. You bite the Uruk-hai. The Uruk-hai zaps a wand of magic missile! The magic missile hits you! The magic missile bounces! (4x) [HP-8=14] You miss the Uruk-hai. You bite the Uruk-hai. [HP+1=15] Final status: Goodbye Arrhythmia the Convict... You quit in The Gnomish Mines on dungeon level 5 with 1862 points, and 384 pieces of gold, after 1966 moves. You were level 6 with a maximum of 51 hit points when you quit.